 Dungeon Crawl Stone Soup version 0.30-a0-808-g6e07883 (webtiles) character file.

Game seed: 13952991927103979310

77 PurpleRed the Magician (level 4, -1/21 (25) HPs)
             Began as a Deep Elf Reaver on Feb 26, 2023.
             Slain by a goblin
             ... wielding a +0 dagger
             ... led by Robin
              (4 damage)
             ... on level 2 of the Dungeon.
             The game lasted 00:06:18 (670 turns).

PurpleRed the Magician (Deep Elf Reaver)             Turns: 670, Time: 00:06:19

HP:   -1/21 (25)    AC:  3    Str:  9    XL:     4   Next: 13%
MP:   18/21         EV: 12    Int: 20    God:
Gold: 98            SH:  0    Dex: 13    Spells: 8/11 levels left

rFire   + . .      SeeInvis .    b - +0 flail (heavy)
rCold   + . .      Faith    .    (no shield)
rNeg    . . .      Spirit   .    s - +0 leather armour
rPois   .          Reflect  .    (no helmet)
rElec   .          Harm     .    j - scarf {rC+ rF+}
rCorr   .          Rampage  .    (no gloves)
Will    .....                    (no boots)
Stlth   +                        (no amulet)
HPRegen 0.23/turn                m - ring of magical power
MPRegen 0.17/turn                (no ring)

@: immotile, heavily drained
A: no striking features
a: no special abilities


You were on level 2 of the Dungeon.
You visited 1 branch of the dungeon, and saw 3 of its levels.

You collected 98 gold pieces.

Inventory:

Hand Weapons
 a - a +0 shortbow
 b - a +0 heavy flail (weapon)
 c - a +0 short sword
Missiles
 g - a stone
Armour
 e - a +0 cloak
 j - a scarf of resistance (worn)
 s - a +0 leather armour (worn)
Jewellery
 m - a ring of magical power (left hand)
Scrolls
 d - a scroll of amnesia {unknown}
 f - a scroll of teleportation {unknown}
 h - a scroll of vulnerability {unknown}
 i - 2 scrolls of magic mapping {unknown}
 o - a scroll of brand weapon {unknown}
 q - 3 scrolls of identify {unknown}
 t - a scroll of torment {unknown}
Potions
 k - a potion of mutation {unknown}
 l - a potion of attraction {unknown}
 n - a potion of lignification {unknown}
 p - a potion of ambrosia {unknown}
 r - a potion of brilliance {unknown}


   Skills:
 - Level 1.5 Fighting
 - Level 3.0 Short Blades
 - Level 2.4 Dodging
 + Level 4.2 Spellcasting
 + Level 4.1 Conjurations
 + Level 2.2 Translocations


You had 8 spell levels left.
You knew the following spells:

 Your Spells              Type           Power      Damage    Failure   Level
a - Kiss of Death         Conj/Necr      48%        2d9       8%          1
b - Momentum Strike       Conj/Tloc      34%        3d8       7%          2

Your spell library contained the following spells:

 Spells                   Type           Power      Damage    Failure   Level
 Necrotise                Necr           16%        1d4       19%         1
 Hailstorm                Conj/Ice       12%        3d5       22%         3
 Vampiric Draining        Necr           4%         2d6       47%         3
 Agony                    Necr           4%         N/A       99%         5


Dungeon Overview and Level Annotations

Branches:
Dungeon (3/15)

Altars:

Annotations:
D:3 Robin


Message History

You kill the endoplasm!
You are unable to move.
You swing at nothing.
You swing at nothing.
You swing at nothing.
You are no longer robbed of momentum.
There is a stone staircase leading up here.
The goblin shouts!
You hear a shout! x3
A goblin comes into view. It is wielding a +0 dagger.
You hear a shout!
The goblin shouts! 2 hobgoblins come into view.
The hobgoblin shouts!
You hear a shout! x3
Robin of the Strong Arm comes into view.
They are wielding a +0 short sword.
The hobgoblin moves out of view.
There is a stone staircase leading up here.
A hobgoblin comes into view.
You sock the goblin!
You kill the goblin!
The goblin misses you.
A hobgoblin comes into view.
A goblin comes into view. It is wielding a +0 club. x2
Robin roars a battlecry!
The goblins go into a battle-frenzy!
The goblin closely misses you.
A goblin comes into view. It is wielding a +0 dagger.
You hear a shout!
The hobgoblin hits you. The goblin hits you with a +0 dagger.
* * * LOW HITPOINT WARNING * * *
Robin roars a battlecry!
You climb upwards.
There is a stone staircase leading down here.
Casting: Momentum Strike (safe; 7% risk of failure)
Confirm with . or Enter, or press ? or * to list all spells.
Aiming: Momentum Strike (safe; 7% risk of failure)
Press: ? - help, Dir - move target, f - hobgoblin
Aim: a hobgoblin (strong, 71% to hit)
The concentrated momentum hits the hobgoblin!
You kill the hobgoblin!
You are unable to move.
The goblin hits you with a +0 dagger.
You die...

######.......# #....#
###### ##.......# ##..##
#
..........##..##########
##.#######........†.)....
#.## ####.#.#########
#######..# #.#.### #
.......#[###
###.#...#######
#.....#####...###.##.....
####...g@.......#........
##....†.........##......
#........)..............
#................#......
#................##.....
#................##.....
#................##.....
#................##.....
##..............########


You could see a goblin (strong).

Vanquished Creatures
  Terence (D:2)
  3 gnolls (D:2)
  5 endoplasms
  A giant cockroach (D:1)
  4 goblins
  2 hobgoblins
  A kobold (D:1)
  A quokka (D:1)
  2 ball pythons
  A bat (D:2)
  2 frilled lizards (D:1)
23 creatures vanquished.

Notes
Turn   | Place    | Note
-------+----------+-------------------------------------------
     0 | D:1      | PurpleRed the Deep Elf Reaver began the quest for the Orb.
     0 | D:1      | Reached XP level 1. HP: 12/12 MP: 6/6
   274 | D:1      | Reached skill level 1 in Translocations
   274 | D:1      | Reached XP level 2. HP: 12/13 MP: 8/8
   278 | D:1      | Learned a level 2 spell: Momentum Strike
   532 | D:2      | Reached XP level 3. HP: 18/20 MP: 10/10
   591 | D:2      | Noticed Terence
   633 | D:2      | Killed Terence
   634 | D:2      | Reached XP level 4. HP: 3/21 MP: 12/12
   661 | D:3      | Noticed Robin
   670 | D:2      | Slain by a goblin

Illustrated notes

Levels and vault maps discovered:
D:1:      saegor_arrival_simple_c, layout_rooms,
          shapermc_ecumenical_altar_mp_vishouse, minmay_misc_feat_five
D:2:      layout_rooms, minmay_worlds_worst_comb, uniq_terence
D:3:      layout_basic, lemuel_round_altar, uniq_natasha, uniq_robin,
          uniq_crazy_yiuf_cottage

Skill      XL: |  1  2  3 |
---------------+----------+-----
Translocations | 1 2 |  2.2
Conjurations   | 4 |  4.1
Spellcasting   | 4 |  4.2
Fighting       | |  1.5
Short Blades   | |  3.0
Dodging        | |  2.4

Action                     |  1- 3 |  4- 6 || total
---------------------------+-------+-------++-------
  Melee: Short sword       |    43 |       ||    43
         Flail             |       |     1 ||     1
   Fire: Shortbow          |    12 |       ||    12
   Cast: Kiss of Death     |     4 |       ||     4
         Momentum Strike   |     8 |     2 ||    10
 Armour: Leather armour    |    18 |       ||    18
  Dodge: Dodged            |    50 |     2 ||    52

Table legend: (Time is in decaauts)
 A = Elapsed time spent in this place.
 B = Non-inter-level travel time spent in this place.
 C = Inter-level travel time spent in this place.
 D = Time resting spent in this place.
 E = Time spent auto-exploring this place.
 F = Levels seen in this place.
 G = Mean time per level.
                   A        B        C        D        E       F      G
               +--------+--------+--------+--------+--------+-----+--------+
         Total |    675 |    675 |      0 |      0 |      8 |   3 |  225.0 |
       Dungeon |    675 |    675 |      0 |      0 |      8 |   3 |  225.0 |
               +--------+--------+--------+--------+--------+-----+--------+

Top non-repeatable levels by time:
     D:1: 419 daAuts
     D:2: 217 daAuts
     D:3: 38 daAuts
